 Dungeon Crawl Stone Soup version 0.19-a0-753-gae73b43 (webtiles) character file.

1361 4thArraOfDagon the Cleaver (level 8, -3/71 HPs)
             Began as a Minotaur Gladiator on June 25, 2016.
             Was an Elder of Uskayaw.
             Slain by a vampire (10 damage)
             ... on level 10 of the Dungeon.
             The game lasted 00:07:43 (1473 turns).

4thArraOfDagon the Cleaver (Minotaur Gladiator)     Turns: 1473, Time: 00:07:43

Health: -3/71      AC:  5    Str: 20    XL:     8   Next: 37%
Magic:  9/9        EV: 13    Int:  7    God:    Uskayaw [****..]
Gold:   180        SH:  0    Dex: 16    Spells: 0 memorised, 7 levels left

rFire  . . .     SeeInvis .     a - +1 war axe
rCold  . . .     Gourm    .     l - +2 leather armour of Adghyu {Dex+5 Slay+5}
rNeg   . . .     Faith    .     (no shield)
rPois  .         Spirit   .     c - +0 hat
rElec  .         Dismiss  .     (no cloak)
rCorr  .         Reflect  .     (no gloves)
SustAt .         Harm     .     (no boots)
MR     .....                    (no amulet)
Stlth  +.........               (no ring)
                                (no ring)

@: not resistant to hostile enchantments, very unstealthy
A: retaliatory headbutt, horns 2
a: Stomp, Line Pass, Renounce Religion


You were on level 10 of the Dungeon.
You worshipped Uskayaw.
Uskayaw was greatly pleased with you.
You were not hungry.

You visited 1 branch of the dungeon, and saw 10 of its levels.

You collected 180 gold pieces.

Inventory:

Hand Weapons
 a - a +1 war axe (weapon)
Armour
 b - a +0 leather armour
 c - a +0 hat (worn)
 l - the +2 leather armour of Adghyu (worn) {Dex+5 Slay+5}
   (You found it on level 5 of the Dungeon)

   It affects your dexterity (+5).
   It affects your accuracy and damage with ranged weapons and melee attacks
   (+5).
Wands
 i - a wand of polymorph (0/24)
Scrolls
 e - a scroll of noise
 g - a scroll of enchant weapon
 p - a scroll of fog
 u - a scroll of fear
Potions
 s - a potion of brilliance
Comestibles
 f - 6 bread rations
 k - a royal jelly
 n - a slice of pizza
 o - a meat ration
 q - 5 fruits


   Skills:
 + Level 6.4 Fighting
 * Level 8.7 Axes
 - Level 2.0 Throwing
 + Level 5.2 Armour
 - Level 3.2 Dodging
 + Level 3.8 Invocations


You had 7 spell levels left.
You didn't know any spells.

Dungeon Overview and Level Annotations

Branches:
Dungeon (10/15)            Temple (0/1) D:7
   Lair: D:8-11         Orc: D:9-12

Altars:
Dithmenos
Nemelex Xobeh
Okawaru
Pakellas
Qazlal
Uskayaw
Vehumet
Yredelemnul
Zin

Annotations:
D:8 Joseph
D:10 Gastronok


Innate Abilities, Weirdness & Mutations

You reflexively headbutt those who attack you in melee.
You have a pair of horns on your head.


Message History

Uskayaw will force your foes to share their pain.
Uskayaw links your audience in an emotional bond!
Unknown command.
You hit the orc warrior.
You kill the orc warrior!
You barely miss something. Something hits you.
* * * LOW HITPOINT WARNING * * *
Something bites you.
* * * LOW HITPOINT WARNING * * *
Something draws strength from your injuries!
Unknown command.
You miss something. You headbutt something. You closely miss the orc wizard.
The orc wizard is almost dead.
The orc wizard misses you. You furiously retaliate!
You headbutt the orc wizard!
You kill the orc wizard!
Something hits you.
* * * LOW HITPOINT WARNING * * *
Something bites you!
You die...

............#
#............##
#.............#
#.............
#.............
##..#.......
#......).#
#..)@.# ...
#..†### ....
##[## #.... #.#
..(. ...
#.####..# ...
#.##...# ..
#.....# #.#
#.....# ..# ..
#....## ##.#
...


There were no monsters in sight!

Vanquished Creatures
  An orc warrior (D:10)
  A black bear (D:10)
  2 necrophages
  2 centaurs
  A crocodile (D:10)
  2 big kobolds
  3 giant frogs
  A giant frog zombie (D:8)
  2 jellies
  2 orc priests
  3 orc wizards
  2 iguanas
  2 worker ants (D:6)
  A sheep (D:10)
  3 adders (D:6)
  A shadow imp (D:6)
  An ooze (D:4)
  An adder skeleton (D:6)
  A giant gecko (D:3)
  10 orcs
  A giant cockroach (D:2)
  A hobgoblin (D:3)
  A giant gecko zombie (D:5)
  2 giant newts (D:5)
  23 kobolds
  3 rats
  3 plants (D:8)
76 creatures vanquished.

Vanquished Creatures (others)
  A hydra (D:4)
1 creature vanquished.

Grand Total: 77 creatures vanquished

Notes
Turn   | Place    | Note
--------------------------------------------------------------
     0 | D:1      | 4thArraOfDagon the Minotaur Gladiator began the quest for the Orb.
     0 | D:1      | Reached XP level 1. HP: 18/18 MP: 0/0
   158 | D:3      | Noticed an orc wizard
   167 | D:3      | Killed an orc wizard
   167 | D:3      | Reached skill level 4 in Axes
   167 | D:3      | Reached skill level 1 in Armour
   167 | D:3      | Reached XP level 2. HP: 23/26 MP: 1/1
   167 | D:3      | Reached XP level 3. HP: 27/31 MP: 2/2
   327 | D:4      | Found an oddly glowing altar of Pakellas.
   329 | D:4      | Noticed a five-headed hydra
   338 | D:4      | Killed a five-headed hydra
   353 | D:4      | Reached XP level 4. HP: 6/38 MP: 3/3
   361 | D:4      | Reached skill level 5 in Axes
   406 | D:4      | Noticed a giant frog
   416 | D:4      | Killed a giant frog
   416 | D:4      | Reached XP level 5. HP: 25/46 MP: 4/4
   423 | D:5      | Entered Level 5 of the Dungeon
   462 | D:5      | Found a glowing silver altar of Zin.
   462 | D:5      | Found a stormy altar of Qazlal.
   463 | D:5      | Found a hide-covered altar of Uskayaw.
   477 | D:5      | Found a shadowy altar of Dithmenos.
   482 | D:5      | Got a faintly glowing leather armour
   498 | D:5      | Identified the +2 leather armour of Adghyu {Dex+5 Slay+5} (You found it on level 5 of the Dungeon)
   514 | D:5      | Became a worshipper of Uskayaw the Reveler
   558 | D:4      | Found a basalt altar of Yredelemnul.
   602 | D:6      | Reached * piety under Uskayaw
   637 | D:6      | Reached ** piety under Uskayaw
   638 | D:6      | Reached skill level 1 in Invocations
   639 | D:6      | Reached *** piety under Uskayaw
   641 | D:6      | Reached XP level 6. HP: 52/52 MP: 4/6
   667 | D:6      | Reached skill level 6 in Axes
   859 | D:6      | Reached skill level 5 in Fighting
   889 | D:6      | Reached XP level 7. HP: 32/61 MP: 7/7
   991 | D:7      | Reached skill level 7 in Axes
  1053 | D:7      | Reached **** piety under Uskayaw
  1060 | D:7      | Found a radiant altar of Vehumet.
  1102 | D:7      | Found a staircase to the Ecumenical Temple.
  1116 | D:7      | Found a sparkling altar of Nemelex Xobeh.
  1159 | D:8      | magipi: hello
  1166 | D:8      | Noticed Joseph
  1233 | D:8      | Reached XP level 8. HP: 54/70 MP: 9/9
  1297 | D:8      | Found an iron altar of Okawaru.
  1334 | D:9      | Reached skill level 8 in Axes
  1373 | D:9      | Noticed an elephant
  1374 | D:9      | Noticed a death yak
  1396 | D:10     | Entered Level 10 of the Dungeon
  1404 | D:10     | Noticed Gastronok
  1466 | D:10     | Reached skill level 5 in Armour
  1473 | D:10     | Slain by a vampire

Vault maps used:
D:1:      minmay_arrival_widening_spiral_wide
D:2:      grunt_qazlal_sundering
D:4:      nicolae_overflow_hidden_temple, gammafunk_pakellas_spire_experiment
D:5:      nicolae_overflow_quartered_altars, first_bread
D:7:      regret_index_temple_of_mockery, hangedman_feature_mirror,
          nemelex_lonely_heart_becter
D:8:      kennysheep_kobold_camp, okawaru_gym_becter, minmay_misc_feat_cross,
          uniq_joseph
D:9:      david_lair_generic, serial_shops, shop
D:10:     erik_orc_2, uniq_psyche, uniq_gastronok

Skill      XL: |  1  2  3  4  5  6  7  8 |
---------------+-------------------------+-----
Fighting       | 3 4 5 6 |  6.4
Axes           | 4 5 6 7 8 |  8.7
Armour         | 1 2 3 4 5 |  5.2
Invocations    | 1 2 3 |  3.8
Throwing       | |  2.0
Dodging        | |  3.2

Action                   |  1- 3 |  4- 6 |  7- 9 || total
-------------------------+-------+-------+-------++-------
Melee: War axe           |    37 |    41 |   100 ||   178
       Headbutt          |     7 |     9 |    22 ||    38
Throw: Throwing net      |     3 |     2 |     2 ||     7
Evoke: Wand              |     2 |       |       ||     2
  Use: Potion            |     2 |     3 |     2 ||     7
       Scroll            |       |     1 |     8 ||     9
 Stab: Sleeping          |       |     1 |       ||     1
       Paralysed         |       |     1 |     5 ||     6
       Held in net/web   |       |       |     2 ||     2
  Eat: Chunk             |       |       |     2 ||     2
Armor: Leather armour    |    13 |     5 |    16 ||    34
       Skin              |       |     4 |       ||     4
Dodge: Dodged            |    27 |    22 |    51 ||   100
